 Dungeon Crawl Stone Soup version 0.16.2-12-gd0ad4c3 (webtiles) character file.

1413211 hannobal the Spry (level 27, 174/174 (178) HPs)
             Began as a High Elf Skald on Oct 24, 2015.
             Was a High Priest of Nemelex Xobeh.
             Escaped with the Orb
             ... and 3 runes on Nov 4, 2015!
             The game lasted 13:00:17 (108053 turns).

hannobal the Spry (High Elf Skald)                Turns: 108053, Time: 13:00:17

HP:   174/174 (178) AC: 37    Str: 20    XL:     27
MP:   29/43         EV: 30    Int: 22    God:    Nemelex Xobeh [*****.]
Gold: 3801          SH: 17    Dex: 21    Spells: 13 memorised, 5 levels left

rFire  + . .     SeeInvis +     a - +9 double sword (slice)
rCold  + . .     Clarity  .     p - +8 fire dragon armour
rNeg   + + .     SustAb   .     H - +2 shield {reflect}
rPois  +         Gourm    .     q - +2 hat of the Bear Spirit {Spirit, +Rage rN+ MR++}
rElec  +         Spirit   +     Q - +0 cloak of Starlight {rElec rC+ EV+4 Stlth-}
rCorr  .         Warding  .     v - +0 pair of gloves of a labyrinth {rN+ MR+}
rMut   .         Rnd*Tele +     K - +1 pair of boots {Stlth+}
MR     +++++                    R - amulet of regeneration
Stlth  ..........               m - ring of Royt {rPois rF- AC+6 Str+3 Dex+2 SInv}
                                t - ring of Juxof {+Fly rC+ MR+ Int+2 Dex-2}

@: deflect missiles, almost entirely resistant to hostile enchantments,
extremely unstealthy
A: icy blue scales 1, frail 1, teleportitis 1, evolution 1, MP-powered wands 2
a: Triple Draw, Deal Four, Stack Five, Renounce Religion, Evoke Berserk Rage,
Evoke Flight
0: Orb of Zot
}: 3/15 runes: serpentine, barnacled, silver


You escaped.
You worshipped Nemelex Xobeh.
Nemelex Xobeh was extremely pleased with you.
You were full.

You visited 10 branches of the dungeon, and saw 56 of its levels.
You also visited: Trove and Ice Cave.

You collected 8249 gold pieces.
You spent 4016 gold pieces at shops.

Inventory:

Hand weapons
 a - a +9 double sword of slicing (weapon)
 b - the +7 hand crossbow "Fufe" {velocity, rC+ Dex+5}
   (You found it on level 13 of the Dungeon)

   Any bolt fired from it inflicts extra damage.
   It affects your dexterity (+5).
   It protects you from cold.
Missiles
 Y - 920 bolts
Armour
 p - a +8 fire dragon armour (worn)
 q - the +2 hat of the Bear Spirit (worn) {Spirit, +Rage rN+ MR++}
   (You found it on level 5 of the Vaults)

   It protects you from negative energy.
   It affects your resistance to hostile enchantments.
   It lets you go berserk.
 v - the +0 pair of gloves of a labyrinth (worn) {rN+ MR+}
   (You found it in an ice cave)

   It protects you from negative energy.
   It affects your resistance to hostile enchantments.
 H - a +2 shield of reflection (worn)
 K - a +1 pair of boots of stealth (worn)
 Q - the +0 cloak of Starlight (worn) {rElec rC+ EV+4 Stlth-}
   (You bought it in a shop on level 1 of the Vaults)

   It affects your evasion (+4).
   It protects you from cold.
   It insulates you from electricity.
   It makes you less stealthy.
Magical staves
 w - an uncursed staff of energy {@w1}
Rods
 c - a +1 rod of clouds (13/13)
   (You took it off a naga mage on level 1 of the Snake Pit)
 f - a +0 iron rod (12/12)
   (You took it off Jory on level 3 of the Depths)
 k - a +6 lightning rod (10/10)
   (You found it on level 5 of the Shoals)
 x - a +8 rod of inaccuracy (11/11)
   (You found it on level 1 of the Realm of Zot)
Jewellery
 m - the ring of Royt (right hand) {rPois rF- AC+6 Str+3 Dex+2 SInv}
   (You found it in a treasure trove)

   [ring of protection]

   It affects your AC (+6).
   It affects your strength (+3).
   It affects your dexterity (+2).
   It makes you vulnerable to fire.
   It protects you from poison.
   It enhances your eyesight.
 n - an uncursed ring of protection from fire
 r - an uncursed ring of sustain abilities
 s - a +6 ring of slaying
 t - the ring of Juxof (left hand) {+Fly rC+ MR+ Int+2 Dex-2}
   (You found it in a treasure trove)

   [ring of protection from cold]

   It affects your intelligence (+2).
   It affects your dexterity (-2).
   It protects you from cold.
   It affects your resistance to hostile enchantments.
   It lets you fly.
 R - an amulet of regeneration (around neck)
 S - an uncursed amulet of stasis
Magical devices
 j - a wand of teleportation (3)
 B - a wand of digging (2)
 D - a wand of heal wounds (4)
Scrolls
 d - 3 scrolls of remove curse
 e - 8 scrolls of magic mapping
 i - 10 scrolls of identify
 G - 7 scrolls of fear
 N - 9 scrolls of fog
 P - 8 scrolls of blinking
 U - 30 scrolls of teleportation
 X - 5 scrolls of recharging
Potions
 h - 3 potions of magic
 o - a potion of restore abilities
 u - 5 potions of resistance
 A - 8 potions of haste
 J - 17 potions of curing
 L - 5 potions of cancellation
 M - 9 potions of might
 V - 2 potions of heal wounds
Miscellaneous
 y - a phial of floods
 z - a fan of gales
 C - a lamp of fire
 E - a plain deck of destruction
 F - a legendary deck of escape {the Elixir, left: 4}
 I - a plain deck of escape {Solitude, left: 4}
 W - an ornate deck of escape {Swap, left: 5}
 Z - an ornate deck of destruction {drawn: 1}
Comestibles
 l - 24 meat rations {@e2}


   Skills:
 - Level 19.0 Fighting
 - Level 16.0 Long Blades
   Level 2.1 Bows
 - Level 10.5 Crossbows
 - Level 1.2 Throwing
 + Level 17.7 Armour
 - Level 19.2 Dodging
 - Level 15.2 Shields
 - Level 13.0 Spellcasting
 - Level 10.0 Hexes
 - Level 17.0 Charms
 - Level 3.4 Necromancy
 - Level 11.0 Translocations
   Level 1.0 Ice Magic
 - Level 17.1 Air Magic
   Level 2.1 Poison Magic
 - Level 19.0 Evocations


You had 5 spell levels left.
You knew the following spells:

 Your Spells              Type           Power        Failure   Level  Hunger
a - Warp Weapon           Chrm/Tloc      ######....   1%          5    ###....
b - Blink                 Tloc           N/A          1%          2    None
c - Shroud of Golubria    Chrm/Tloc      ######....   1%          2    None
d - Apportation           Tloc           ######....   1%          1    None
f - Flight                Chrm/Air       ######....   1%          3    None
g - Passage of Golubria   Tloc           N/A          1%          4    None
h - Haste                 Chrm           ######..     1%          6    #####..
m - Deflect Missiles      Chrm/Air       ######....   1%          6    #####..
p - Phase Shift           Tloc           ######....   3%          5    ###....
s - Silence               Hex/Air        ######....   1%          5    ###....
t - Control Teleport      Chrm/Tloc      ######....   1%          4    None
w - Spectral Weapon       Hex/Chrm       ######..     1%          3    None
A - Animate Skeleton      Necr           N/A          2%          1    None


Dungeon Overview and Level Annotations

Branches:
Dungeon (15/15)            Temple (1/1) D:5            Lair (8/8) D:11
 Shoals (5/5) Lair:4        Snake (5/5) Lair:6        Slime (0/6) Lair:6
    Orc (4/4) D:9             Elf (3/3) Orc:3        Vaults (5/5) D:14
  Crypt (0/3) Vaults:2     Depths (5/5) D:15            Zot (5/5) Depths:5

Altars:
Ashenzari
Cheibriados
Dithmenos
Elyvilon
Fedhas
Gozag
Kikubaaqudgha
Makhleb
Nemelex Xobeh
Okawaru
Qazlal
Ru
Sif Muna
Trog
Vehumet
Xom
Yredelemnul
Zin
The Shining One
Beogh

Shops:
D:8 (   D:15 (   Orc:4 [[**   Elf:1 =   Elf:3 [   Shoals:4 [   Shoals:5 (
Snake:1 }   Vaults:1 }([:[([   Vaults:4 }

Portals:
Hell: Depths:1 Depths:2 Depths:3 Depths:4 Depths:5
Abyss: Depths:4
Pandemonium: Depths:3 Depths:4
Ziggurat: Depths:5

Annotations:
D:14 exclusion: downstairs
Orc:2 exclusion: 2 upstairs
Orc:3 exclusion: upstairs
Elf:2 3 runed doors, exclusion: 3 doors
Depths:2 2 exclusions


Innate Abilities, Weirdness & Mutations

You are partially covered in icy blue scales (AC +1).
You are frail (-10% HP).
Space occasionally distorts in your vicinity.
You evolve.
You expend magic power (6 MP) to strengthen your wands.


Message History

You draw a card...
It is Swap.
You swap places with the neqoxec.
The iron imp shouts, "Bolt, thou unctious mumble-news giglet!"
The neqoxec gestures.
There is a stone staircase leading up here.
The iron imp disappears in a puff of smoke!
The neqoxec gestures at you.
Something tries to feed on your intellect!
You block Mnem's attack.
You climb upwards.
You sense a powerful magical force warping space.
There is a stone staircase leading down here.
There is an open door here.
HP restored.
There is a stone staircase leading up here.
You climb upwards.
You sense a powerful magical force warping space.
There is a stone staircase leading down here.
There is an open door here.
There is a staircase leading out of the dungeon here.
You have escaped!

.....# #...# ##..#.......####
..##.####...#######....#.#.#.....
..##..>.........##.....#.#.#.....
.........................#.......
...#............##....>..###.....
#.##.##...............#### #.....
.....##.#####.#####...# ######
#######.#...#.#...#.#.##
#.#...#.'.@.#.#..#
##.#...#.#...#.##.######
######..##'##.#####.#.......#
....##..............#..####.# #
###.##..#####.##'##.#..####.#####
###.##..#[..#.#...#.#............
........#.>.'.#...#...#####.#####
.##.....#...#.#...#...#####.# #
....##..#####.#####.........#


There were no monsters in sight!

Vanquished Creatures
  5 orbs of fire
  6 ancient liches
  Sojobo (Depths:2)
  Norris (Snake:3)
  Saint Roka (Snake:5)
  2 Killer Klowns (Zot:5)
  Mennas (Depths:5)
  4 golden dragons
  Jory (Depths:3)
  A hellephant (Zot:1)
  4 electric golems
  27 Orb Guardians
  3 liches
  14 tentacled monstrosities
  2 deep elf blademasters (Elf:3)
  Asterion (Snake:4)
  2 deep elf master archers (Elf:3)
  3 titans
  Polyphemus (Lair:4)
  Agnes (Snake:5)
  An octopode crusher (Depths:5)
  6 shadow dragons
  A storm dragon (shapeshifter) (Vaults:5)
  7 tengu reavers
  5 sphinxes
  16 storm dragons
  3 draconian monks
  Roxanne (D:15)
  Ilsuiw (Shoals:4)
  10 fire giants
  7 frost giants
  Donald (Vaults:3)
  4 deep elf sorcerers
  10 draconian scorchers
  7 greater nagas
  An azure jelly (Orc:4)
  An orc warlord (Vaults:5)
  An iron dragon (Vaults:5)
  Louise (Shoals:1)
  11 draconian zealots
  11 vault wardens
  A balrug (Depths:1)
  5 draconian knights
  Gastronok (D:8)
  4 emperor scorpions
  10 ghost moths
  22 ironheart preservers
  3 draconian shifters
  A reaper (Depths:3)
  5 draconian annihilators
  The ghost of Turgon the Bludgeoner, a powerful OgHu of Ashenzari (D:15)
  14 stone giants
  6 vampire knights
  3 draconian callers
  4 war gargoyles
  4 grey draconians
  8 very ugly things
  A large abomination (Vaults:3)
  The ghost of Juudaz the Arsonist, a powerful GrFE of Vehumet (Lair:8)
  5 green draconians
  3 white draconians
  12 deep elf demonologists
  9 deep elf annihilators
  5 black draconians
  2 dire elephants
  7 yellow draconians
  4 mottled draconians
  10 purple draconians
  6 pale draconians
  12 red draconians
  Snorg (Orc:3)
  10 merfolk javelineers (Shoals:5)
  29 vault guards
  10 ettins
  7 deep elf death magi (Elf:3)
  A green death (Depths:2)
  13 merfolk impalers
  17 fire dragons
  18 yaktaur captains
  8 death cobs
  3 deep elf high priests
  4 great orbs of eyes
  12 ice dragons
  14 hydras
  15 naga warriors
  A satyr (Shoals:4)
  A spriggan air mage (Depths:3)
  2 catoblepae
  3 merfolk avatars
  2 merfolk aquamancers (Shoals:5)
  20 anacondas
  4 rakshasas
  An anaconda (shapeshifter) (Vaults:4)
  11 centaur warriors
  3 dancing weapons
  4 alligator snapping turtles
  7 deep troll earth magi
  4 tengu warriors
  17 death yaks
  3 deep troll shamans
  2 vampire magi
  A sun demon (D:15)
  10 ogre magi
  9 naga sharpshooters
  6 orc high priests
  9 shock serpents
  5 spriggan berserkers
  A titan skeleton (D:15)
  6 skeletal warriors
  4 ice devils (IceCv)
  4 salamander mystics
  6 shadow wraiths
  13 sea snakes
  2 storm dragon skeletons (Zot:5)
  2 giant orange brains
  A deep troll (shapeshifter) (Vaults:5)
  6 flayed ghosts
  A death drake (Zot:4)
  7 hell knights (Depths:2)
  17 deep trolls
  An iron troll (Depths:1)
  9 deep elf knights
  14 naga ritualists
  4 deathcaps (Zot:5)
  2 tengu zombies
  A swamp dragon (shapeshifter) (Depths:5)
  An ice statue (IceCv)
  17 ironbrand convokers
  10 unseen horrors
  2 obsidian statues
  11 hill giants
  16 deep elf summoners
  23 harpies
  3 wizards
  14 deep elf conjurers
  22 orc knights
  A sphinx zombie (Vaults:4)
  19 mana vipers
  3 wolf spiders
  11 phantasmal warriors
  14 moths of wrath
  A mana viper (shapeshifter) (D:15)
  A shadow dragon skeleton (D:15)
  4 human zombies
  A tengu skeleton (Vaults:4)
  A draconian (shapeshifter) (Vaults:4)
  11 oklob plants (Zot:2)
  6 fauns
  4 hornets
  5 water nymphs
  24 griffons
  4 necromancers
  7 orc sorcerers
  2 sixfirhies
  19 salamanders
  34 ugly things
  12 sirens
  10 cyclopes
  15 vault sentinels
  6 elephants
  2 rust devils (Depths:2)
  14 manticores
  24 naga magi
  42 black mambas
  A draconian skeleton (Zot:1)
  A drowned soul (Shoals:1)
  2 torpor snails
  An orange crystal statue (D:12)
  A smoke demon (Zot:1)
  18 guardian serpents
  3 yaktaur zombies
  2 orange demons
  Psyche (Orc:4)
  5 kobold demonologists
  7 fire drakes
  4 gargoyles
  21 spiny frogs
  A white draconian zombie (Zot:1)
  A mottled draconian zombie (Zot:1)
  An elf (shapeshifter) (Depths:1)
  A guardian mummy (D:15)
  12 komodo dragons
  A golden dragon simulacrum (IceCv)
  2 red devils
  A demonic crawler (Elf:1)
  A yaktaur (shapeshifter) (Vaults:5)
  49 yaktaurs
  A two-headed ogre (shapeshifter) (Depths:2)
  8 deep elf priests
  A jumping spider (Vaults:3)
  4 anaconda simulacra (IceCv)
  14 freezing wraiths
  2 polar bears (shapeshifter)
  A queen bee (Lair:2)
  A troll (shapeshifter) (Vaults:1)
  Sonja (Shoals:1)
  36 merfolk
  4 wind drakes
  13 two-headed ogres
  14 ravens
  4 polar bears
  2 giant leeches (Lair:8)
  9 trolls
  9 basilisks
  A stone giant simulacrum (Vaults:1)
  4 blue devils
  4 boulder beetles
  12 snapping turtles
  23 slime creatures
  17 blink frogs
  20 redbacks
  A trapdoor spider (D:10)
  2 yaks (shapeshifter)
  3 centaur simulacra
  7 shadows
  A vampire (Depths:1)
  6 air elementals
  A flying skull (Depths:5)
  A tengu simulacrum (Vaults:3)
  3 dire elephant simulacra (IceCv)
  41 yaks
  3 fire bats (Depths:2)
  2 spriggans (Depths:4)
  10 water elementals
  38 deep elf magi
  5 hungry ghosts
  A tarantella (shapeshifter) (Elf:3)
  A human (shapeshifter) (Elf:2)
  3 ynoxinuls
  5 wyverns
  7 wraiths
  A chaos spawn (Depths:2)
  A human simulacrum (Vaults:1)
  3 tarantellas
  3 wandering mushrooms (Zot:5)
  15 vampire mosquitoes
  25 hippogriffs
  A steam dragon (D:10)
  An elf skeleton (Vaults:4)
  31 deep elf fighters
  A hog (Lair:8)
  4 hydra simulacra (IceCv)
  A death yak simulacrum (IceCv)
  2 harpy simulacra (IceCv)
  A mottled dragon (Vaults:1)
  A soldier ant (D:12)
  60 nagas
  Edmund (D:8)
  An iron troll simulacrum (IceCv)
  17 wolves
  A hell hound (D:14)
  33 water moccasins
  13 porcupines
  12 wargs
  71 orc warriors
  2 swamp drakes (Zot:1)
  11 ice beasts
  4 sky beasts
  An eye of draining (D:13)
  2 ettin simulacra
  9 phantoms
  5 black bears (D:7)
  7 boggarts
  5 wasps
  44 ogres
  17 centaurs
  8 big kobolds
  Duvessa (D:8)
  A brain worm (D:13)
  The ghost of Kharon the Magician, an average DEWz (D:4)
  16 crocodiles
  A giant frog (shapeshifter) (D:14)
  27 giant frogs
  3 scorpions
  A yaktaur skeleton (Depths:4)
  3 wyvern skeletons
  A wyvern zombie (D:15)
  31 killer bees
  3 troll zombies (D:9)
  6 wights
  2 electric eels
  A spriggan skeleton (Depths:4)
  A yaktaur simulacrum (Vaults:1)
  2 centaur zombies
  4 goliath beetles
  2 jellies
  14 two-headed ogre zombies (Orc:2)
  Dowan (D:8)
  A draconian simulacrum (IceCv)
  7 crimson imps
  4 iron imps
  17 hounds
  32 orc priests
  2 giant frog skeletons (D:6)
  3 giant frog zombies
  A gnoll shaman (D:6)
  34 orc wizards
  4 quasits
  4 centaur skeletons
  Natasha (thrice) (D:4)
  8 iguanas
  14 worker ants
  2 troll simulacra (IceCv)
  12 hell rats (Elf:1)
  4 ogre zombies
  24 sheep
  A wolf simulacrum (IceCv)
  Jessica (D:2)
  4 hound zombies
  2 mummies
  12 gnolls
  42 river rats
  39 adders
  4 shadow imps
  12 white imps
  3 naga simulacra (IceCv)
  3 worms
  14 ufetubi
  2 adder skeletons
  7 giant geckos
  321 orcs
  4 ball pythons
  17 bats
  A bat skeleton (D:7)
  7 giant cockroaches
  35 goblins
  26 hobgoblins
  6 jackals
  23 kobolds
  2 oozes
  A ball python skeleton (D:5)
  8 giant newts
  A giant spore (D:10)
  2 goblin skeletons (D:9)
  A goblin zombie (Orc:4)
  A hobgoblin skeleton (D:9)
  2 hobgoblin zombies (D:9)
  2 jackal zombies (D:6)
  4 orc skeletons
  16 orc zombies
  15 quokkas
  27 rats
  A ballistomycete (D:10)
  A bush (Zot:2)
  2 crawling corpses (Elf:3)
  6 fungi
  9 plants
3043 creatures vanquished.

Vanquished Creatures (collateral kills)
  A caustic shrike (Depths:4)
  4 golden dragons
  A tentacled monstrosity (Depths:5)
  An Ice Fiend (IceCv)
  2 titans (Vaults:5)
  2 storm dragons
  A tengu reaver (Depths:3)
  A shadow dragon (Vaults:5)
  A greater naga (Snake:5)
  An ironheart preserver (Vaults:5)
  A draconian zealot (Depths:5)
  Jorgrun (Vaults:5)
  2 very ugly things (Vaults:5)
  A draconian annihilator (Depths:5)
  A stone giant (Vaults:5)
  2 draconian callers
  A green draconian (Zot:1)
  2 grey draconians
  A yellow draconian (Depths:5)
  A red draconian (Zot:3)
  A purple draconian (Zot:5)
  A pale draconian (Depths:5)
  A white draconian (Zot:5)
  A dire elephant (Depths:4)
  A vault guard (Vaults:4)
  4 fire dragons
  A great orb of eyes (Depths:4)
  2 ice dragons
  Harold (Lair:4)
  A hydra (Lair:1)
  3 yaktaur captains (Vaults:5)
  A monstrous demonspawn (Depths:3)
  An alligator snapping turtle (Shoals:2)
  A deep troll earth mage (Depths:2)
  An orc high priest (Orc:4)
  An ice devil (IceCv)
  3 deep trolls (Depths:2)
  A death drake (Depths:5)
  2 ugly things
  2 harpies (Shoals:5)
  An orc sorcerer (Orc:4)
  A shadow dragon skeleton (Depths:4)
  A manticore (shapeshifter) (Depths:4)
  3 moths of wrath
  A sixfirhy (Orc:4)
  A vault sentinel (Vaults:5)
  A siren (Lair:4)
  A phantasmal warrior (Depths:3)
  A drowned soul (Shoals:1)
  2 black mambas
  A titan simulacrum (Vaults:4)
  2 spiny frogs (Lair:8)
  3 yaktaurs
  A blue devil (Depths:3)
  A deep elf priest (Vaults:5)
  2 two-headed ogres
  4 merfolk
  A boulder beetle (Vaults:5)
  An air elemental (Depths:5)
  2 ravens
  A spriggan (Depths:4)
  4 water elementals
  A shadow (Depths:3)
  2 deep elf magi (Vaults:5)
  A ynoxinul (Orc:4)
  A deep troll skeleton (Depths:5)
  2 hippogriffs
  A deep elf fighter (Vaults:5)
  A human simulacrum (Vaults:4)
  A harpy simulacrum (IceCv)
  2 vampire mosquitoes (Lair:8)
  A yak (shapeshifter) (Vaults:5)
  A hydra simulacrum (IceCv)
  A naga (Snake:3)
  An iron troll simulacrum (IceCv)
  An ogre (Depths:3)
  3 orc warriors
  A tengu (shapeshifter) (Depths:2)
  3 phantoms
  A crocodile (Lair:2)
  4 giant frogs
  An electric eel (Lair:8)
  2 orc priests (Orc:4)
  2 adders (Lair:8)
  9 river rats
  3 ufetubi
  8 orcs
  2 orc zombies (Orc:4)
  2 bushes (Zot:2)
  2 fungi
  A plant (Depths:5)
155 creatures vanquished.

Vanquished Creatures (others)
  A curse toe (Zot:5)
  An eldritch tentacle (Zot:5)
  A tengu reaver (Depths:2)
  A deep elf sorcerer (Depths:4)
  A draconian caller (Zot:1)
  A deep elf demonologist (Depths:4)
  A dire elephant (Lair:4)
  A red draconian (Zot:5)
  3 very ugly thing skeletons (Vaults:5)
  A deep elf knight (Elf:2)
  A titan skeleton (Vaults:5)
  7 storm dragon skeletons
  A giant orange brain (Vaults:5)
  3 flayed ghosts
  A golden dragon skeleton (Zot:4)
  An ugly thing (IceCv)
  A shadow dragon skeleton (Zot:5)
  4 tengu skeletons (Vaults:5)
  A frost giant skeleton (Depths:4)
  24 spectral weapons
  A sixfirhy (Orc:4)
  A faun (IceCv)
  3 stone giant skeletons
  2 fire giant skeletons
  16 draconian skeletons
  7 drowned souls
  2 nagas
  2 black draconian skeletons
  6 purple draconian skeletons
  5 spriggan skeletons
  5 red draconian skeletons
  2 pale draconian skeletons
  A white draconian skeleton (Zot:5)
  5 yellow draconian skeletons
  A green draconian skeleton (Zot:1)
  A two-headed ogre (Vaults:3)
  A harpy skeleton (Vaults:5)
  2 raiju (IceCv)
  6 ice dragon skeletons
  9 water elementals
  2 ugly thing skeletons
  3 ettin skeletons (Vaults:5)
  5 trapdoor spiders
  5 redbacks
  5 air elementals
  A deep elf mage (Vaults:5)
  4 fire dragon skeletons
  An insubstantial wisp (Snake:4)
  3 elf skeletons (Vaults:5)
  7 raven skeletons (Depths:3)
  7 deep troll skeletons
  A hell hound (Orc:4)
  A monstrous demonspawn skeleton (Depths:3)
  A dancing weapon (Orc:4)
  19 human skeletons
  3 spiders (Shoals:4)
  2 ice beasts
  An ogre (Depths:1)
  A wasp (Lair:4)
  3 chimeras
  2 lost souls (Elf:3)
  2 salamander skeletons (Depths:3)
  11 yaktaur skeletons
  4 killer bees
  A two-headed ogre skeleton (Depths:2)
  2 orc wizards (Orc:4)
  A hell rat (Elf:1)
  5 ogre skeletons
  A giant gecko (D:8)
  A giant spore (D:6)
  4 orc skeletons (Vaults:5)
  5 bushes
  63 eldritch tentacle segments (Zot:5)
  36 fungi
  27 plants
374 creatures vanquished.

Grand Total: 3572 creatures vanquished

Notes
Turn   | Place    | Note
--------------------------------------------------------------
     0 | D:1      | hannobal, the High Elf Skald, began the quest for the Orb.
     0 | D:1      | Reached XP level 1. HP: 14/14 MP: 4/4
   291 | D:1      | Reached XP level 2. HP: 14/19 MP: 6/6
   295 | D:1      | Learned a level 2 spell: Song of Slaying
   298 | D:1      | Learned a level 2 spell: Shroud of Golubria
   993 | D:1      | Reached skill level 4 in Long Blades
  1322 | D:1      | Reached XP level 3. HP: 24/24 MP: 8/8
  1558 | D:2      | Noticed Jessica
  1577 | D:2      | Killed Jessica
  1577 | D:2      | Reached skill level 1 in Translocations
  1842 | D:2      | Reached XP level 4. HP: 29/29 MP: 11/11
  2363 | D:3      | Gained mutation: You can spit poison. [potion of beneficial mutation]
  2477 | D:3      | Reached skill level 5 in Long Blades
  3009 | D:3      | Reached XP level 5. HP: 32/34 MP: 12/12
  3261 | D:3      | Reached skill level 6 in Long Blades
  3509 | D:4      | Noticed an ogre
  3509 | D:4      | Noticed Kharon's ghost (average DEWz)
  3549 | D:4      | Noticed an ice beast
  3577 | D:4      | Killed an ice beast
  3577 | D:4      | Reached XP level 6. HP: 39/39 MP: 14/15
  3590 | D:4      | Learned a level 3 spell: Spectral Weapon
  3637 | D:4      | Reached skill level 1 in Hexes
  3768 | D:4      | Noticed an ogre
  4557 | D:4      | Killed Kharon's ghost
  4701 | D:3      | Killed an ogre
  4701 | D:3      | Reached XP level 7. HP: 40/45 MP: 17/17
  4962 | D:4      | Killed an ogre
  5028 | D:5      | Entered Level 5 of the Dungeon
  5050 | D:4      | Reached skill level 5 in Hexes
  5112 | D:4      | Reached skill level 5 in Charms
  5400 | D:5      | Reached skill level 7 in Long Blades
  5400 | D:5      | Reached XP level 8. HP: 47/50 MP: 17/18
  5490 | D:5      | Noticed Natasha
  5495 | D:4      | Killed Natasha
  5584 | D:5      | Reached skill level 1 in Armour
  5739 | D:5      | Reached skill level 1 in Throwing
  5988 | D:5      | Found a staircase to the Ecumenical Temple.
  6038 | Temple   | Entered the Ecumenical Temple
  6102 | Temple   | Became a worshipper of Nemelex Xobeh the Trickster
  6250 | D:5      | Reached skill level 8 in Long Blades
  6379 | D:6      | Received a gift from Nemelex Xobeh
  6546 | D:6      | Learned a level 1 spell: Apportation
  6589 | D:6      | Reached skill level 1 in Evocations
  6920 | D:6      | Reached skill level 9 in Long Blades
  6970 | D:6      | Received a gift from Nemelex Xobeh
  7188 | D:6      | Reached XP level 9. HP: 56/56 MP: 21/21
  7783 | D:7      | Learned a level 2 spell: Cure Poison
  7792 | D:7      | Found a huge runed gate.
  7792 | D:7      | Found a huge runed gate.
  7792 | D:7      | Found a huge runed gate.
  7792 | D:7      | Found a huge runed gate.
  7794 | D:7      | Noticed a griffon
  7797 | D:7      | Noticed a death yak
  7798 | D:7      | Noticed a griffon
  7798 | D:7      | Noticed a griffon
  7826 | D:7      | Reached skill level 1 in Poison Magic
  7940 | D:7      | Received a gift from Nemelex Xobeh
  8412 | D:7      | Reached skill level 10 in Long Blades
  8906 | D:8      | Found an iron altar of Okawaru.
  8908 | D:8      | Found a stormy altar of Qazlal.
  8908 | D:8      | Found a shattered altar of Ashenzari.
  8909 | D:8      | Found a glowing golden altar of the Shining One.
  8910 | D:8      | Found a deep blue altar of Sif Muna.
  8920 | D:8      | Received a gift from Nemelex Xobeh
  8922 | D:8      | Found a radiant altar of Vehumet.
  8970 | D:8      | Noticed Gastronok
  9288 | D:8      | Found Klalai's Weapon Shop.
  9305 | D:8      | Bought a +0 great sword for 97 gold pieces
  9412 | D:8      | Reached skill level 5 in Dodging
  9835 | D:9      | Found a staircase to the Orcish Mines.
  9893 | D:8      | Reached skill level 11 in Long Blades
 10283 | D:9      | Found a burning altar of Makhleb.
 10370 | D:9      | Reached XP level 10. HP: 63/63 MP: 22/22
 10392 | D:9      | Acquired Nemelex Xobeh's first power
 10392 | D:9      | Received a gift from Nemelex Xobeh
 10589 | D:8      | Noticed Dowan
 10599 | D:8      | Killed Dowan
 10602 | D:8      | Noticed Duvessa
 10609 | D:8      | Killed Duvessa
 10609 | D:8      | Reached skill level 12 in Long Blades
 10663 | D:8      | Noticed Edmund
 10678 | D:8      | Killed Edmund
 11016 | D:9      | Learned a level 3 spell: Tukima's Dance
 11273 | D:9      | Reached skill level 13 in Long Blades
 11934 | D:10     | Entered Level 10 of the Dungeon
 11967 | D:10     | Found a white marble altar of Elyvilon.
 12194 | D:10     | Reached skill level 14 in Long Blades
 12818 | D:10     | Received a gift from Nemelex Xobeh
 13193 | D:10     | Reached skill level 5 in Fighting
 13498 | D:11     | Reached skill level 5 in Evocations
 13577 | D:11     | Reached XP level 11. HP: 71/71 MP: 23/23
 13656 | D:11     | Noticed a hill giant
 13672 | D:11     | Killed a hill giant
 13712 | D:11     | Noticed a five-headed hydra
 13732 | D:11     | HP: 3/71 [gargoyle/stone arrow (32)]
 13733 | D:11     | HP: 1/71 [gargoyle/flail (3)]
 13901 | D:11     | Found a staircase to the Lair.
 13901 | D:11     | Noticed an elephant
 14326 | D:11     | Received a gift from Nemelex Xobeh
 14475 | D:10     | Killed an elephant
 14806 | D:11     | Noticed a death yak
 15186 | Orc:1    | Entered Level 1 of the Orcish Mines
 15379 | Orc:1    | Found an iron altar of Okawaru.
 16386 | Orc:2    | Noticed Erolcha
 16552 | Lair:1   | Entered Level 1 of the Lair of Beasts
 16651 | Lair:1   | Acquired Nemelex Xobeh's second power
 16651 | Lair:1   | Received a gift from Nemelex Xobeh
 16769 | Lair:1   | You fall through a shaft!
 16771 | Lair:2   | Noticed a seven-headed hydra
 16867 | Lair:1   | Got a heavily runed bronze ring
 16869 | Lair:1   | Identified the cursed ring of Klem {Int-2 Slay+3} (You found it on level 1 of the Lair of Beasts)
 17038 | Lair:1   | Noticed a six-headed hydra
 17045 | Lair:1   | Killed a six-headed hydra
 17483 | Lair:2   | Received a gift from Nemelex Xobeh
 17528 | Lair:2   | Killed a seven-headed hydra
 17659 | Lair:2   | Noticed a seven-headed hydra
 17662 | Lair:2   | Lost mutation: You can spit poison. [helix card]
 17895 | Lair:2   | Noticed a five-headed hydra
 18352 | Lair:2   | Received a gift from Nemelex Xobeh
 18963 | Lair:2   | Reached XP level 12. HP: 62/77 MP: 17/26
 19323 | Lair:2   | Killed a one-headed hydra
 19323 | Lair:2   | Reached skill level 10 in Charms
 19894 | Lair:3   | Noticed a five-headed hydra
 19900 | Lair:3   | Killed a one-headed hydra
 19900 | Lair:3   | Reached skill level 5 in Spellcasting
 20074 | Lair:2   | Killed a three-headed hydra
 20142 | Lair:3   | Learned a level 6 spell: Haste
 20148 | Lair:3   | Received a gift from Nemelex Xobeh
 20354 | Lair:3   | Acquired Nemelex Xobeh's third power
 20435 | Lair:3   | Received a gift from Nemelex Xobeh
 20549 | Lair:3   | Identified a scroll of acquirement
 20611 | Lair:3   | Gained mutation: You have a pair of small horns on your head. [potion of mutation]
 20611 | Lair:3   | Gained mutation: You tend to lose your temper in combat. [potion of mutation]
 21293 | Lair:2   | Lost mutation: You have a pair of small horns on your head. [potion of cure mutation]
 21293 | Lair:2   | Lost mutation: You tend to lose your temper in combat. [potion of cure mutation]
 21686 | Lair:3   | Noticed a five-headed hydra
 21734 | Lair:3   | Killed a one-headed hydra
 22018 | Lair:4   | Noticed Rupert
 22215 | D:11     | Killed a one-headed hydra
 22408 | D:7      | Killed a griffon
 22444 | D:7      | Killed a death yak
 22449 | D:7      | Killed a griffon
 22461 | D:7      | Killed a griffon
 22782 | D:11     | Killed a death yak
 22782 | D:11     | Reached XP level 13. HP: 43/81 MP: 28/30
 22882 | D:12     | Received a gift from Nemelex Xobeh
 23246 | D:12     | Received a gift from Nemelex Xobeh
 24131 | D:13     | Received a gift from Nemelex Xobeh
 24145 | D:13     | Got a jewelled hand crossbow
 24146 | D:13     | Identified the +7 hand crossbow "Fufe" {velocity, rC+ Dex+5} (You found it on level 13 of the Dungeon)
 24298 | D:13     | Reached skill level 1 in Crossbows
 24712 | D:13     | Reached skill level 15 in Charms
 25508 | D:8      | Bought 13 bolts for 39 gold pieces
 25542 | D:8      | Killed Gastronok
 25715 | D:14     | Found an opulent altar of Gozag.
 26022 | D:14     | Received a gift from Nemelex Xobeh
 26080 | D:14     | Found a gate to the Vaults.
 26353 | D:14     | Found a stormy altar of Qazlal.
 27749 | D:14     | Reached XP level 14. HP: 80/97 MP: 29/32
 27874 | Lair:2   | Learned a level 3 spell: Flight
 27879 | Lair:2   | Learned a level 4 spell: Control Teleport
 27956 | Lair:4   | Paralysed by Rupert for 3 turns
 27959 | Lair:4   | Noticed Rupert
 27959 | Lair:4   | Rupert changed into Rupert the dire elephant
 27967 | Lair:4   | Killed Rupert the dire elephant
 27967 | Lair:4   | Reached skill level 1 in Air Magic
 28022 | Lair:4   | Received a gift from Nemelex Xobeh
 28041 | Lair:4   | Noticed a four-headed hydra
 28058 | Lair:4   | Killed a one-headed hydra
 28695 | Lair:4   | Found a staircase to the Shoals.
 28704 | Lair:4   | Noticed Harold
 28729 | Lair:4   | Killed Harold
 28729 | Lair:4   | Reached skill level 10 in Fighting
 29254 | Lair:5   | Received a gift from Nemelex Xobeh
 29585 | Lair:5   | Received a gift from Nemelex Xobeh
 30484 | Lair:6   | Received a gift from Nemelex Xobeh
 30655 | Lair:6   | Found a staircase to the Slime Pits.
 30662 | Lair:6   | Found a staircase to the Snake Pit.
 30776 | Lair:6   | Received a gift from Nemelex Xobeh
 30934 | Lair:6   | Reached skill level 10 in Dodging
 31907 | Lair:7   | Received a gift from Nemelex Xobeh
 32195 | Lair:8   | Entered Level 8 of the Lair of Beasts
 32419 | Lair:7   | Noticed Kyecu the pandemonium lord
 32598 | Lair:7   | Your ally Kyecu died
 33197 | Lair:8   | Reached skill level 10 in Spellcasting
 33273 | Lair:8   | Noticed Juudaz's ghost (powerful GrFE)
 33302 | Lair:8   | Killed Juudaz's ghost
 33304 | Lair:8   | Received a gift from Nemelex Xobeh
 33432 | Lair:8   | Got a warped long sword
 33433 | Lair:8   | Identified the cursed +0 long sword "Leleosk" {venom, rN+} (You found it on level 8 of the Lair of Beasts)
 33805 | Lair:7   | Reached XP level 15. HP: 67/104 MP: 28/35
 34434 | D:9      | Reached skill level 16 in Charms
 34548 | Lair:2   | Learned a level 6 spell: Deflect Missiles
 34766 | Orc:2    | Noticed Erolcha
 34766 | Orc:2    | Erolcha changed into Erolcha the ice beast
 34769 | Orc:2    | Killed Erolcha the ice beast
 35240 | Orc:3    | Received a gift from Nemelex Xobeh
 35340 | Orc:3    | Noticed Snorg
 35354 | Orc:3    | Killed Snorg
 36081 | Orc:4    | Entered Level 4 of the Orcish Mines
 36083 | Orc:4    | Noticed Psyche
 36322 | Orc:4    | Killed Psyche
 36322 | Orc:4    | Reached skill level 5 in Air Magic
 37378 | Orc:4    | Received a gift from Nemelex Xobeh
 37562 | Orc:4    | Got a crude steel ring
 37563 | Orc:4    | Identified the ring of Phiphegh {rN+ Dex+4} (You found it on level 4 of the Orcish Mines)
 38003 | Orc:4    | Found a roughly hewn altar of Beogh.
 38488 | Orc:4    | Found Giamach's Antique Armour Emporium.
 38527 | Orc:4    | Bought a pitted scale mail for 234 gold pieces
 38527 | Orc:4    | Identified the +0 scale mail of Xeol Ynec {MP+9 Int+6 Dex+7} (You bought it in a shop on level 4 of the Orcish Mines)
 38546 | Orc:4    | Found Sidociuz's Antique Armour Shoppe.
 39121 | Orc:4    | Noticed an azure jelly
 39121 | Orc:4    | an orc warlord changed into an azure jelly
 39125 | Orc:4    | Killed an azure jelly
 39155 | Orc:4    | Reached skill level 10 in Evocations
 39757 | Orc:4    | Found a roughly hewn altar of Beogh.
 39775 | Orc:4    | Found Osepnuh's General Store.
 40641 | Orc:4    | Found Cragol's Assorted Antiques.
 40691 | Orc:4    | Bought a scroll of acquirement for 728 gold pieces
 41012 | D:15     | Entered Level 15 of the Dungeon
 41441 | D:15     | Noticed Roxanne
 41658 | Orc:3    | Found a staircase to the Elven Halls.
 41658 | Orc:3    | Received a gift from Nemelex Xobeh
 41978 | Orc:3    | Reached skill level 15 in Long Blades
 42332 | D:15     | Found Awkaipt's Antique Weapon Shoppe.
 42342 | D:15     | Noticed Turgon's ghost (powerful OgHu)
 42911 | D:15     | Found a staircase to the Depths.
 43659 | D:15     | Reached XP level 16. HP: 94/110 MP: 15/35
 43781 | D:15     | Killed Turgon's ghost
 44018 | D:15     | Reached skill level 15 in Dodging
 44613 | Snake:1  | Entered Level 1 of the Snake Pit
 45232 | Snake:1  | Found Naopejop's Gadget Emporium.
 45250 | Snake:1  | Bought a +0 lightning rod (11/11) for 800 gold pieces
 45633 | Elf:1    | Entered Level 1 of the Elven Halls
 46649 | Snake:1  | Identified a +0 rod of clouds (11/11) (You took it off a naga mage on level 1 of the Snake Pit)
 46686 | Snake:1  | Reached skill level 17 in Dodging
 46920 | Snake:2  | Received a gift from Nemelex Xobeh
 47065 | Snake:2  | Learned a level 3 spell: Ozocubu's Armour
 47190 | Snake:2  | Reached skill level 1 in Ice Magic
 47513 | Snake:2  | Received a gift from Nemelex Xobeh
 47951 | Snake:2  | Got a fine mace
 47952 | Snake:2  | Identified the +3 mace "Beetleslayer" {freeze, rC+ Dex+3} (You found it on level 2 of the Snake Pit)
 48279 | Snake:2  | Received a gift from Nemelex Xobeh
 48775 | Snake:3  | Reached skill level 10 in Air Magic
 49001 | Snake:3  | Noticed Norris
 49235 | Shoals:1 | Entered Level 1 of the Shoals
 49235 | Shoals:1 | Received a gift from Nemelex Xobeh
 49583 | Shoals:1 | Reached XP level 17. HP: 116/116 MP: 36/36
 49603 | Shoals:1 | Noticed Sonja
 49612 | Shoals:1 | Killed Sonja
 49708 | Shoals:1 | Got a dazzling ring mail
 49719 | Shoals:1 | Identified the +1 ring mail of Vehumet's Supremacy {rC+ rCorr} (You took it off a merfolk on level 1 of the Shoals)
 49763 | Shoals:1 | Received a gift from Nemelex Xobeh
 49855 | Shoals:1 | Noticed Louise
 49878 | Shoals:1 | Killed Louise
 50235 | Shoals:2 | Noticed Polyphemus
 50445 | Lair:4   | Killed Polyphemus
 51647 | Shoals:2 | Received a gift from Nemelex Xobeh
 52104 | Shoals:1 | Reached skill level 5 in Crossbows
 52675 | Snake:3  | Killed Norris
 52858 | Snake:3  | Hired Coroer the naga for 155 gold.
 52875 | Snake:3  | Reached skill level 1 in Shields
 53053 | Snake:3  | Your ally Coroer died
 53502 | Snake:4  | Received a gift from Nemelex Xobeh
 54226 | Snake:4  | Reached skill level 5 in Shields
 54416 | Snake:4  | Noticed Asterion
 54456 | Snake:4  | Killed Asterion
 54691 | Snake:5  | Entered Level 5 of the Snake Pit
 54809 | Snake:5  | Received a gift from Nemelex Xobeh
 54875 | Snake:5  | Found a frozen archway.
 54903 | IceCv    | Entered an ice cave
 56485 | IceCv    | Noticed an Ice Fiend
 56847 | IceCv    | Noticed Karhoihe the pandemonium lord
 56868 | IceCv    | Killed an Ice Fiend
 56912 | IceCv    | Got a pair of distressingly furry gloves
 56913 | IceCv    | Identified the +0 pair of gloves of a labyrinth {rN+ MR+} (You found it in an ice cave)
 56927 | IceCv    | Got an ancient ring mail
 57171 | Lair:6   | Identified the +2 ring mail of Chill Winds {+Blink +Inv rC- Slay+5 Stlth-} (You found it in an ice cave)
 57546 | Shoals:3 | Received a gift from Nemelex Xobeh
 58024 | Shoals:3 | Received a gift from Nemelex Xobeh
 58222 | Shoals:3 | Reached XP level 18. HP: 115/122 MP: 31/37
 58237 | Shoals:2 | Reached skill level 10 in Crossbows
 59220 | Lair:2   | Learned a level 5 spell: Silence
 59221 | Lair:2   | Gained mutation: Your flesh is cold resistant. [helix card]
 59222 | Lair:2   | Lost mutation: Your flesh is cold resistant. [helix card]
 59222 | Lair:2   | Gained mutation: You possess an exceptional clarity of mind. [helix card]
 59467 | Shoals:4 | Received a gift from Nemelex Xobeh
 59657 | Shoals:4 | Found Seoqiu's Armour Shoppe.
 59671 | Shoals:4 | Bought a +1 fire dragon armour for 871 gold pieces
 60444 | Orc:4    | Bought a scroll of remove curse for 63 gold pieces
 60444 | Orc:4    | Bought a scroll of identify for 42 gold pieces
 60820 | Shoals:5 | Entered Level 5 of the Shoals
 60896 | Shoals:5 | Found Shoheluk's Weapon Emporium.
 60918 | Shoals:5 | Noticed Ilsuiw
 60950 | Shoals:5 | Your ally hannobal died
 60996 | Shoals:4 | Killed Ilsuiw
 61303 | Shoals:5 | Got a barnacled rune of Zot
 61424 | Shoals:5 | Received a gift from Nemelex Xobeh
 61898 | Shoals:5 | Reached skill level 5 in Armour
 63455 | Orc:4    | Bought a scroll of identify for 28 gold pieces
 63455 | Orc:4    | Bought a scroll of enchant armour for 105 gold pieces
 63877 | Snake:5  | Received a gift from Nemelex Xobeh
 63985 | Snake:5  | Noticed Agnes
 64000 | Snake:5  | Killed Agnes
 64704 | Snake:5  | Reached XP level 19. HP: 121/126 MP: 36/38
 64926 | Snake:5  | Received a gift from Nemelex Xobeh
 65539 | Snake:5  | Noticed Saint Roka
 65575 | Snake:5  | Killed Saint Roka
 66071 | Snake:5  | Reached skill level 10 in Hexes
 67434 | Snake:5  | Got a serpentine rune of Zot
 67916 | Elf:1    | Received a gift from Nemelex Xobeh
 68099 | Elf:1    | Reached skill level 10 in Armour
 68190 | Elf:1    | Identified the Catalogue of Summoning (You found it on level 1 of the Elven Halls)
 68297 | Elf:1    | Found Cuafuol's Jewellery Shop.
 68738 | Elf:2    | Found a radiant altar of Vehumet.
 68837 | Elf:2    | Received a gift from Nemelex Xobeh
 68837 | Elf:2    | Received a gift from Nemelex Xobeh
 69423 | Elf:2    | Found a runed gate.
 69423 | Elf:2    | Found a runed gate.
 69423 | Elf:2    | Found a runed gate.
 69470 | Elf:3    | Entered Level 3 of the Elven Halls
 69501 | Elf:3    | Found a portal to a secret trove of treasure.
 70035 | Elf:3    | Found Ucweuska's Antique Armour Shop.
 70039 | Elf:3    | Bought a jewelled shield for 180 gold pieces
 70041 | Elf:3    | Identified the +5 shield "Inlioqor" {-Cast +Inv rElec rF+ Dex+4} (You bought it in a shop on level 3 of the Elven Halls)
 70883 | Elf:3    | You paid a toll of 2 potions of cure mutation to enter a treasure trove
 70884 | Trove    | Entered a treasure trove
 70889 | Trove    | Got a slimy gossamer ring
 70899 | Trove    | Got a vibrating amber ring
 70901 | Trove    | Got a translucent pewter ring
 70907 | Trove    | Got an ancient marble ring
 70915 | Trove    | Got a transparent marble ring
 70921 | Trove    | Identified the ring of Juxof {+Fly rC+ MR+ Int+2 Dex-2} (You found it in a treasure trove)
 70922 | Trove    | Identified the ring "Zeugeugu" {+cTele Str+2 Dex-4 Stlth+} (You found it in a treasure trove)
 70923 | Trove    | Identified the ring of Creativity {rPois rN+} (You found it in a treasure trove)
 70924 | Trove    | Identified the ring of Quibeled {rElec rPois rN+ Dex-4 Stlth+} (You found it in a treasure trove)
 70925 | Trove    | Identified the ring of Royt {rPois rF- AC+6 Str+3 Dex+2 SInv} (You found it in a treasure trove)
 71392 | Vaults:1 | Entered Level 1 of the Vaults
 71479 | Vaults:1 | Received a gift from Nemelex Xobeh
 71612 | Vaults:1 | Reached XP level 20. HP: 135/135 MP: 33/39
 72045 | Vaults:1 | Found Prapteul's Antique Armour Shop.
 72410 | Vaults:1 | Found Kleneomp's Weapon Shop.
 72511 | Vaults:1 | Found Kapoby's Gadget Shoppe.
 73052 | Vaults:1 | Received a gift from Nemelex Xobeh
 73082 | Vaults:1 | Found Veises' Antique Armour Boutique.
 73150 | Vaults:1 | Found Grycu's Antique Weapon Emporium.
 73150 | Vaults:1 | Found Tiadin's Gadget Emporium.
 73175 | Vaults:1 | Found Sogy's Book Emporium.
 73200 | Vaults:1 | Bought an ebony blowgun for 255 gold pieces
 73371 | Vaults:1 | Found Psav's Armour Boutique.
 73378 | Vaults:1 | Bought a +1 pair of boots of stealth for 165 gold pieces
 73378 | Vaults:1 | Bought the +0 cloak of Starlight {rElec rC+ EV+4 Stlth-} for 409 gold pieces
 73902 | Vaults:2 | Got a warped spear
 74147 | Vaults:2 | Received a gift from Nemelex Xobeh
 74255 | Vaults:2 | Found a staircase to the Crypt.
 75108 | Vaults:2 | Received a gift from Nemelex Xobeh
 75697 | Vaults:3 | Got a pair of translucent gloves
 76213 | Vaults:3 | Received a gift from Nemelex Xobeh
 76574 | Vaults:3 | Noticed Donald
 76652 | Vaults:3 | Killed Donald
 76954 | Vaults:3 | Received a gift from Nemelex Xobeh
 76986 | Vaults:3 | Reached XP level 21. HP: 141/145 MP: 29/40
 78069 | Vaults:4 | Received a gift from Nemelex Xobeh
 78274 | Vaults:4 | Found Tousych's Gadget Shop.
 78362 | Vaults:4 | Reached skill level 15 in Evocations
 78663 | Vaults:4 | Learned a level 4 spell: Passage of Golubria
 78795 | Vaults:4 | Reached skill level 5 in Translocations
 79138 | Vaults:4 | Received a gift from Nemelex Xobeh
 81302 | Elf:3    | Reached skill level 10 in Translocations
 81367 | Elf:3    | Got a sparkling crystal amulet
 81488 | Elf:3    | Got a translucent graven amulet
 81626 | Elf:3    | Got a pitted leather armour
 82015 | Elf:3    | Reached XP level 22. HP: 154/154 MP: 31/40
 82056 | Elf:3    | Learned a level 1 spell: Animate Skeleton
 82086 | Elf:3    | Identified Smaigueje's Incunabulum of the Exiled Moons
 82097 | Elf:3    | Gained mutation: You evolve. [potion of beneficial mutation]
 82247 | Elf:3    | Got a silken robe
 82256 | Elf:3    | Got an ancient arbalest
 82399 | Elf:3    | Got a shimmering shortbow
 82410 | Elf:3    | Got an encrusted shortbow
 83353 | Depths:1 | Entered Level 1 of the Depths
 83555 | Depths:1 | Received a gift from Nemelex Xobeh
 83777 | Depths:1 | Reached skill level 1 in Necromancy
 84043 | D:14     | Identified the +2 pair of gloves of Inviolability {rPois rF+ rC+ MR- SInv} (You found it on level 3 of the Vaults)
 84055 | D:14     | Identified the +2 blowgun of Klaojib {evade, +Blink rC- rN+ Str+2} (You bought it in a shop on level 1 of the Vaults)
 84213 | Lair:2   | Identified the amulet of the Final Chapter {Clar Contam rC++ MR+} (You took it off a deep elf demonologist on level 3 of the Elven Halls)
 84224 | Lair:2   | Identified the amulet "Leelya" {Spirit rF+ Int+5 Dex+4} (You took it off a deep elf annihilator on level 3 of the Elven Halls)
 84236 | Lair:2   | Identified the +6 arbalest "Maxiekup" {freeze, Int+4} (You found it on level 3 of the Elven Halls)
 84251 | Lair:2   | Identified the +3 leather armour of Curiosity {Int+2} (You took it off a deep elf death mage on level 3 of the Elven Halls)
 84266 | Lair:2   | Identified the cursed -3 robe of a Thousand Wonders {rF- Regen+ rCorr Str+2} (You found it on level 3 of the Elven Halls)
 84700 | Depths:1 | Found a gateway to Hell.
 84917 | Depths:2 | Received a gift from Nemelex Xobeh
 85593 | D:15     | Reached skill level 15 in Fighting
 85836 | D:14     | Identified the +5 shortbow "Loud" {speed, rElec rPois MR++} (You found it on level 3 of the Elven Halls)
 86159 | D:12     | Got a scorched helmet
 86265 | D:15     | Killed Roxanne
 86824 | Depths:2 | Received a gift from Nemelex Xobeh
 87070 | Depths:2 | Got a spiked scale mail
 87627 | D:14     | Identified the +3 helmet of the Lair of Beasts {rElec Dex+2} (You acquired it on level 12 of the Dungeon)
 87637 | D:14     | Identified the +5 scale mail of Schyazxeo {rElec Str-4 Int+2 SInv} (You found it on level 2 of the Depths)
 88027 | Lair:2   | Identified the +2 shortbow of Skenwoeb {venom, rElec rF- MR+ Dex+6 Stlth-} (You found it on level 3 of the Elven Halls)
 89022 | Depths:3 | Reached skill level 15 in Armour
 89108 | Depths:3 | Noticed Sojobo
 89166 | Depths:2 | Killed Sojobo
 89554 | Depths:3 | Received a gift from Nemelex Xobeh
 89696 | Depths:3 | Found a one-way gate leading to the halls of Pandemonium.
 89859 | Depths:3 | Reached XP level 23. HP: 152/162 MP: 41/41
 90206 | Depths:3 | Noticed Jory
 90228 | Depths:3 | Killed Jory
 90588 | Depths:3 | Got a slimy flail
 90589 | Depths:3 | Identified the +2 flail "Ynym" {drain, rC+ rN++ Int+4} (You found it on level 3 of the Depths)
 90970 | Depths:4 | Received a gift from Nemelex Xobeh
 91044 | Depths:4 | Found a one-way gate to the infinite horrors of the Abyss.
 91837 | Vaults:3 | Learned a level 9 spell: Tornado
 92098 | Depths:5 | Entered Level 5 of the Depths
 92135 | Depths:5 | Received a gift from Nemelex Xobeh
 92547 | Depths:5 | Found a shattered altar of Ashenzari.
 92548 | Depths:5 | Received a gift from Nemelex Xobeh
 92564 | Depths:5 | Reached skill level 15 in Air Magic
 92623 | Depths:5 | Got a spiked leather armour
 92624 | Depths:5 | Identified the cursed -5 leather armour of the Eagle {+Blink rF- rCorr Str+3} (You found it on level 5 of the Depths)
 92929 | Depths:5 | Noticed Mennas
 92946 | Depths:5 | Killed Mennas
 92966 | Depths:5 | Found a gateway to a ziggurat.
 93136 | Depths:5 | Found a gate to the Realm of Zot.
 93681 | Vaults:5 | Entered Level 5 of the Vaults
 94250 | Vaults:5 | Reached XP level 24. HP: 170/170 MP: 41/41
 94359 | Vaults:5 | Received a gift from Nemelex Xobeh
 94988 | Vaults:5 | Noticed an ancient lich
 95035 | Vaults:5 | Killed an ancient lich
 95230 | Vaults:5 | Got an encrusted lajatang
 95231 | Vaults:5 | Identified the +8 lajatang "Gyuttuma" {slice, +Fly rC- Int+3 Stlth+} (You took it off an orc on level 5 of the Vaults)
 95351 | Vaults:5 | Reached skill level 10 in Shields
 96021 | Vaults:5 | Killed Jorgrun
 96046 | Vaults:5 | Got a brightly glowing chain mail
 96057 | Vaults:5 | Identified the +1 chain mail of Awe {Int+3 Stlth+} (You took it off a vault warden on level 5 of the Vaults)
 96179 | Vaults:5 | Received a gift from Nemelex Xobeh
 96470 | Vaults:5 | Learned a level 2 spell: Blink
 96530 | Vaults:5 | Got a slimy shield
 96541 | Vaults:5 | Identified the +5 shield "Faym" {-Tele rPois rC++ Str+2} (You acquired it on level 5 of the Vaults)
 96865 | Vaults:5 | Got a silver rune of Zot
 97169 | Vaults:5 | Got a fine leather armour
 97180 | Vaults:5 | Identified the cursed -5 leather armour of Etasehua {rPois rF+ rN+ Int-3 Dex-2} (You found it on level 5 of the Vaults)
 97194 | Vaults:5 | Got an ivory double sword
 97195 | Vaults:5 | Identified the +10 double sword of Fatutt Oceov {slice, rF- rN+ MR+ MP+9 Stlth+} (You found it on level 5 of the Vaults)
 97204 | Vaults:5 | Got a transparent tin ring
 97205 | Vaults:5 | Identified the ring of Blisap {-Tele rPois rF+ rC- MP+9 Stlth+} (You found it on level 5 of the Vaults)
 97795 | Zot:1    | Entered Level 1 of the Realm of Zot
 98165 | Zot:1    | Received a gift from Nemelex Xobeh
 98487 | Zot:1    | Reached XP level 25. HP: 150/175 MP: 37/43
 98598 | Zot:1    | Identified a +8 rod of inaccuracy (11/11) (You found it on level 1 of the Realm of Zot)
 98657 | Zot:1    | Noticed an orb of fire
 98660 | Zot:1    | Gained mutation: You are clumsy. (Dex -2) [an orb of fire]
 98665 | Zot:1    | Gained mutation: Space occasionally distorts in your vicinity. [an orb of fire]
 98668 | Zot:1    | Killed an orb of fire
 99520 | Zot:1    | Noticed an orb of fire
 99523 | Zot:1    | Gained mutation: You expend magic power (3 MP) to slightly strengthen your wands. [an orb of fire]
 99543 | Zot:1    | Killed an orb of fire
 99543 | Zot:1    | Reached skill level 15 in Shields
 99715 | Depths:5 | Learned a level 5 spell: Warp Weapon
 99721 | Depths:5 | Learned a level 5 spell: Phase Shift
100165 | Zot:2    | Received a gift from Nemelex Xobeh
100682 | Zot:2    | Received a gift from Nemelex Xobeh
102268 | Zot:3    | Received a gift from Nemelex Xobeh
103152 | Zot:4    | Gained mutation: You are partially covered in icy blue scales (AC +1). [evolution]
103193 | Zot:4    | Reached skill level 18 in Dodging
103213 | Zot:4    | Reached XP level 26. HP: 179/185 MP: 41/43
104461 | Zot:5    | Entered Level 5 of the Realm of Zot
104461 | Zot:5    | Received a gift from Nemelex Xobeh
104962 | Zot:5    | Received a gift from Nemelex Xobeh
105143 | Zot:5    | Noticed an ancient lich
105183 | Zot:5    | Killed an ancient lich
105193 | Zot:5    | Noticed an ancient lich
105213 | Zot:5    | Killed an ancient lich
105442 | Zot:5    | Noticed an ancient lich
105449 | Zot:5    | Killed an ancient lich
105473 | Zot:5    | Received a gift from Nemelex Xobeh
105518 | Zot:5    | Noticed an orb of fire
105530 | Zot:5    | Killed an orb of fire
105761 | Zot:5    | Noticed an ancient lich
105771 | Zot:5    | Killed an ancient lich
105865 | Zot:5    | Noticed an orb of fire
105869 | Zot:5    | Gained mutation: Scrolls take you a little longer to read. [an orb of fire]
105894 | Zot:5    | Gained mutation: Your magical capacity is low (-10% MP). [an orb of fire]
105903 | Zot:5    | Gained mutation: You are frail (-10% HP). [an orb of fire]
105909 | Zot:5    | Killed an orb of fire
105909 | Zot:5    | Reached skill level 19 in Dodging
105915 | Zot:5    | Noticed an ancient lich
106113 | Zot:4    | Killed an ancient lich
106639 | Zot:5    | Noticed an orb of fire
106639 | Zot:5    | Gained mutation: You expend magic power (6 MP) to strengthen your wands. [an orb of fire]
106657 | Zot:5    | Killed an orb of fire
106794 | Zot:5    | Reached XP level 27. HP: 135/171 MP: 32/38
107293 | Zot:5    | Lost mutation: You are clumsy. (Dex -2) [potion of cure mutation]
107293 | Zot:5    | Lost mutation: You possess an exceptional clarity of mind. [potion of cure mutation]
107293 | Zot:5    | Lost mutation: Your magical capacity is low (-10% MP). [potion of cure mutation]
107293 | Zot:5    | Lost mutation: Scrolls take you a little longer to read. [potion of cure mutation]
107434 | Zot:5    | Got the Orb of Zot
107502 | Zot:3    | Noticed a seraph
107857 | D:7      | Noticed Pliamu the pandemonium lord
107939 | D:4      | Noticed Natasha
107942 | D:4      | Killed Natasha
107973 | D:4      | Noticed Natasha
107978 | D:4      | Killed Natasha
108017 | D:3      | Noticed Mnem the pandemonium lord
108053 | D:$      | Escaped with the Orb!

Action                   |  1- 3 |  4- 6 |  7- 9 | 10-12 | 13-15 | 16-18 | 19-21 | 22-24 | 25-27 || total
-------------------------+-------+-------+-------+-------+-------+-------+-------+-------+-------++-------
Melee: Falchion          |    98 |   237 |   582 |   466 |  1837 |     6 |       |       |       ||  3226
       Spear             |    10 |     8 |    34 |       |       |       |       |       |       ||    52
       Long sword        |       |       |    17 |   407 |       |       |       |       |       ||   424
       Short sword       |       |       |       |    34 |       |    33 |       |       |       ||    67
       Great sword       |       |       |       |     1 |   131 |       |       |       |       ||   132
       Double sword      |       |       |       |       |   301 |  1602 |  2180 |  2310 |  1383 ||  7776
       Unarmed           |       |       |       |       |       |       |    12 |     2 |       ||    14
       Staff             |       |       |       |       |       |       |       |       |     2 ||     2
 Fire: Hunting sling     |       |       |     2 |       |       |       |       |       |       ||     2
       Shortbow          |       |       |       |   105 |       |       |       |       |       ||   105
       Hand crossbow     |       |       |       |       |    43 |   268 |   191 |    97 |    68 ||   667
Throw: Stone             |     5 |    21 |    34 |       |       |       |       |       |       ||    60
       Tomahawk          |       |       |    19 |    90 |    16 |       |       |       |       ||   125
       Javelin           |       |       |       |     3 |    25 |       |       |       |       ||    28
 Cast: Infusion          |    20 |    37 |    74 |    98 |   122 |    21 |       |       |       ||   372
       Shroud of Golubri |     6 |    24 |    59 |   103 |   149 |   127 |    12 |    12 |    12 ||   504
       Song of Slaying   |     2 |     4 |       |       |    58 |     1 |       |       |       ||    65
       Spectral Weapon   |       |       |    48 |    59 |    51 |     4 |    10 |       |     2 ||   174
       Cure Poison       |       |       |     2 |     1 |       |       |       |       |       ||     3
       Apportation       |       |       |       |     3 |     5 |     6 |     2 |     8 |    28 ||    52
       Haste             |       |       |       |       |    22 |    28 |    28 |    24 |    18 ||   120
       Flight            |       |       |       |       |     4 |    60 |     1 |     4 |       ||    69
       Tukima's Dance    |       |       |       |       |     9 |       |       |       |       ||     9
       Deflect Missiles  |       |       |       |       |     1 |    15 |     8 |    10 |     7 ||    41
       Ozocubu's Armour  |       |       |       |       |       |   155 |    38 |       |       ||   193
       Silence           |       |       |       |       |       |       |    29 |     8 |       ||    37
       Animate Skeleton  |       |       |       |       |       |       |       |   148 |    68 ||   216
       Phase Shift       |       |       |       |       |       |       |       |       |    16 ||    16
Invok: Stack Five        |       |       |       |     1 |     5 |     3 |     4 |       |     1 ||    14
       Deal Four         |       |       |       |       |     7 |     4 |       |     2 |     3 ||    16
 Abil: Spit Poison       |       |     1 |     1 |     1 |       |       |       |       |       ||     3
Evoke: Deck              |       |       |     5 |    31 |    55 |    63 |    12 |    20 |     7 ||   193
       Wand              |       |       |     1 |    12 |    19 |    19 |     8 |     3 |     5 ||    67
       Lamp of fire      |       |       |       |     1 |     2 |     2 |     2 |       |       ||     7
       Box of beasts     |       |       |       |       |     5 |     3 |       |       |       ||     8
       Phial of floods   |       |       |       |       |     2 |     2 |     1 |       |       ||     5
       Rod               |       |       |       |       |       |    86 |    31 |    26 |    32 ||   175
       Sack of spiders   |       |       |       |       |       |    12 |       |       |       ||    12
       Staff of energy   |       |       |       |       |       |     9 |     5 |    43 |    49 ||   106
       Fan of gales      |       |       |       |       |       |       |       |     2 |       ||     2
  Use: Scroll            |     6 |     7 |     5 |    13 |    11 |    24 |    15 |    19 |     4 ||   104
       Potion            |     3 |     2 |       |     7 |       |     2 |     2 |     6 |     8 ||    30
 Stab: Sleeping          |     1 |       |     5 |     4 |     1 |       |     1 |       |       ||    12
       Distracted        |       |       |     8 |     8 |     4 |     4 |     1 |    18 |    14 ||    57
       Invisible         |       |       |       |     1 |       |       |       |       |       ||     1
       Fleeing           |       |       |       |     1 |       |       |       |       |       ||     1
       Paralysed         |       |       |       |       |    17 |       |       |       |       ||    17
       Petrified         |       |       |       |       |       |       |       |     1 |       ||     1
  Eat: Chunk             |     4 |    11 |    23 |    28 |    57 |    78 |    58 |    51 |    18 ||   328
       Royal jelly       |       |     1 |       |    11 |     1 |       |     1 |       |       ||    14
       Fruit             |       |       |     4 |    12 |     1 |    15 |    12 |     3 |     3 ||    50
       Bread ration      |       |       |     2 |       |     5 |    11 |     6 |     8 |     6 ||    38
       Pizza             |       |       |       |     1 |     8 |       |       |     1 |       ||    10
       Beef jerky        |       |       |       |       |     4 |     3 |     1 |     2 |       ||    10
       Meat ration       |       |       |       |       |       |       |       |       |     4 ||     4
